 Dungeon Crawl Stone Soup version 0.23.1-37-gaa34b87b72 (webtiles) character file.

Game seed: 4327511276786304027

1208 kali666 the Carver (level 8, -6/59 HPs)
             Began as a Formicid Fighter on Mar 20, 2019.
             Was a Plaything of Xom.
             Mangled by a +0 hand axe (8 damage)
             ... animated by Xom
             ... on level 5 of the Dungeon.
             The game lasted 00:12:21 (4198 turns).

kali666 the Carver (Formicid Fighter)               Turns: 4198, Time: 00:12:21

Health: -6/59      AC: 18    Str: 24    XL:     8   Next: 73%
Magic:  8/8        EV:  5    Int:  9    God:    Xom [.....*]
Gold:   145        SH: 10    Dex: 10    Spells: 7/7 levels left

rFire    . . .     SeeInvis +   a - +1 long sword
rCold    . . .     Gourm    .   c - +0 shield
rNeg     . . .     Faith    .   v - +1 plate armour
rPois    +         Spirit   .   (helmet unavailable)
rElec    .         Reflect  .   (no cloak)
rCorr    .         Harm     .   o - +1 pair of gloves {archery}
MR       .....                  (no boots)
Stlth    ..........             i - amulet of the acrobat
HPRegen  0.19/turn              (no ring)
MPRegen  0.11/turn              (no ring)

@: no status effects
A: permanent stasis, dig shafts and tunnels, four strong arms, antennae 3, beak,
iridescent scales 1, rugged brown scales 1, poison resistance, shaggy fur 1,
strong 1
a: Dig, Shaft Self, Renounce Religion


You were on level 5 of the Dungeon.
You worshipped Xom.
You were Xom's teddy bear.
You were not hungry.

You visited 1 branch of the dungeon, and saw 5 of its levels.

You collected 145 gold pieces.

Inventory:

Hand Weapons
 a - a +1 long sword (weapon)
Armour
 c - a +0 shield (worn)
 o - a +1 pair of gloves of archery (worn)
 v - a +1 plate armour (worn)
Jewellery
 i - an amulet of the acrobat (around neck)
Wands
 g - a wand of polymorph (2)
 q - a wand of iceblast (6)
 t - a wand of paralysis (8)
 u - a wand of acid (5)
 w - a wand of flame (10)
 z - a wand of digging (6)
Scrolls
 e - 7 scrolls of identify
 s - a scroll of enchant weapon
 x - a scroll of remove curse
 C - a scroll of fear
Potions
 d - 2 potions of might
 h - 2 potions of heal wounds
 j - a potion of mutation {unknown}
 k - a potion of ambrosia {unknown}
 l - 2 potions of berserk rage {unknown}
 m - a potion of degeneration {unknown}
 n - 2 potions of flight {unknown}
 p - 2 potions of curing {unknown}
 r - 2 potions of lignification
Comestibles
 f - 17 rations


   Skills:
 - Level 3.5 Fighting
 + Level 9.7 Long Blades
 - Level 3.5 Armour
 - Level 0.1 Dodging
 - Level 4.3 Shields


You had 7 spell levels left.
You didn't know any spells.
Your spell library contained the following spells:

 Spells                   Type           Power        Failure   Level  Hunger
 Confusing Touch          Hex            #.....       100%        1    ##.....
 Confuse                  Hex            #.......     100%        3    ####...
 Gell's Gravitas          Tloc           #.........   100%        3    ####...
 Petrify                  Tmut/Erth      #.......     100%        4    #####..
 Metabolic Englaciation   Hex/Ice        #.........   100%        5    ######.
 Yara's Violent Unravell  Hex/Tmut       #.........   100%        5    ######.


Dungeon Overview and Level Annotations

Branches:
Dungeon (5/15)             Temple (0/1) D:5

Altars:
Dithmenos
Qazlal
Xom
Zin


Innate Abilities, Weirdness & Mutations

You cannot be hasted, slowed, berserked, paralysed or teleported.
You can dig through walls and to a lower floor.
Your four strong arms can wield two-handed weapons with a shield.
You have a pair of large antennae on your head. (SInv)
You have a beak for a mouth.
You are partially covered in iridescent scales. (AC +2)
You are partially covered in rugged brown scales. (AC +1, +3% HP)
Your system is resistant to poisons. (rPois)
You are covered in fur. (AC +1)
Your muscles are strong. (Str +2)


Message History

The fiery explosion engulfs your +0 hand axe.
Your +0 hand axe resists.
Your +0 hand axe is lightly damaged.
The +0 hand axe is engulfed in blazing flames.
The +0 hand axe misses you.
A +0 hand axe is nearby!
You hit the +0 hand axe but do no damage.
The +0 hand axe is lightly damaged.
The +0 hand axe hits you but does no damage.
A sky beast comes into view.
You barely miss the +0 hand axe.
The +0 hand axe is lightly damaged.
The +0 hand axe hits you!
* * * LOW HITPOINT WARNING * * *
Xom thinks this is hilarious!
Your shield and plate armour prevent you from hitting the +0 hand axe.
The +0 hand axe is lightly damaged.
The +0 hand axe hits you!
You die...
Xom chuckles heartily!

*.........,* *..........*
*#..>.Y...#* ### ##.....%..## ..#
#..........# #.## #..........#
************ #..# #..........#
*,,,,.,,,,,* ##.####..........##
*,,...<,,,,*
#..............@.####.%...,,,,,*
#####..........(§§§.......,,,,,*
####......##§§###.....,,,,,* ##
#.###..##§§§%.,,...,,,,,* .# ##.#
##..#..##...,,.,,,,,, .# ####..##
##.##..,,...{,,,***,
.####......#**#####++**##****,,,,
..##.......#...,,,,,,,,,,,,,*,,,,
...........#...,,......,,,,,****,


You could see a sky beast and a +0 hand axe.

Vanquished Creatures
  The ghost of drd the Skirmisher, a novice DsBe of Trog (D:4)
  An ogre (D:4)
  A centaur (D:5)
  2 big kobolds (D:4)
  2 scorpions (D:4)
  An orc priest (D:3)
  An orc wizard (D:3)
  A centaur skeleton (D:4)
  Terence (D:2)
  An iguana (D:2)
  Robin (D:2)
  8 adders
  2 oozes (D:4)
  3 worms
  4 dart slugs
  6 leopard geckos
  8 orcs
  7 bats
  3 giant cockroaches
  16 goblins
  8 hobgoblins
  9 kobolds
  5 quokkas
  3 ball pythons
  6 frilled lizards
  A leopard gecko skeleton (D:4)
  A rat (D:2)
103 creatures vanquished.

Vanquished Creatures (collateral kills)
  A sky beast (D:5)
  An ogre (D:5)
  A crimson imp (D:5)
  3 orc priests (D:5)
  2 orcs
8 creatures vanquished.

Grand Total: 111 creatures vanquished

Notes
Turn   | Place    | Note
-------+----------+-------------------------------------------
     0 | D:1      | kali666 the Formicid Fighter began the quest for the Orb.
     0 | D:1      | Reached XP level 1. HP: 18/18 MP: 1/1
   140 | D:1      | Reached XP level 2. HP: 23/24 MP: 2/2
   390 | D:1      | Reached XP level 3. HP: 29/29 MP: 3/3
   737 | D:2      | Noticed Terence
   822 | D:2      | Killed Terence
   822 | D:2      | Reached skill level 3 in Long Blades
   822 | D:2      | Reached XP level 4. HP: 4/35 MP: 4/4
  1187 | D:2      | Reached skill level 4 in Long Blades
  1187 | D:2      | Reached XP level 5. HP: 27/41 MP: 5/5
  1361 | D:2      | Noticed Robin
  1381 | D:2      | Killed Robin
  1522 | D:2      | Found a shimmering altar of Xom.
  1522 | D:2      | Found a stormy altar of Qazlal.
  1526 | D:2      | Became a worshipper of Xom of Chaos
  1530 | D:2      | XOM: harmless Chrm miscast
  1570 | D:3      | Found a shadowy altar of Dithmenos.
  1649 | D:3      | XOM: harmless Necr miscast
  1654 | D:3      | XOM: summons 5 friendly demons
  1664 | D:3      | XOM: god gift: pair of embroidered gloves {god gift}
  1897 | D:3      | Reached skill level 5 in Long Blades
  1904 | D:3      | XOM: give mutations
  1904 | D:3      | Gained mutation: Your spells are a little harder to cast,
                  | but a little more powerful. [Xom's grace]
  1904 | D:3      | Gained mutation: Your muscles are strong. (Str +2) [Xom's
                  | grace]
  1904 | D:3      | Gained mutation: You have a beak for a mouth. [Xom's grace]
  1904 | D:3      | Gained mutation: You are robust. (+10% HP) [Xom's grace]
  2014 | D:3      | Reached XP level 6. HP: 51/51 MP: 6/6
  2043 | D:3      | XOM: god gift: coppery potion {god gift}
  2154 | D:3      | XOM: smoke on damage
  2204 | D:3      | XOM: give mutations
  2204 | D:3      | Gained mutation: You are partially covered in iridescent
                  | scales. (AC +2) [Xom's grace]
  2204 | D:3      | Gained mutation: You are partially covered in rugged brown
                  | scales. (AC +1, +3% HP) [Xom's grace]
  2204 | D:3      | Gained mutation: Your system is resistant to poisons.
                  | (rPois) [Xom's grace]
  2299 | D:3      | XOM: god gift: 7 rations
  2655 | D:4      | XOM: god gift: wand of acid (5)
  2685 | D:4      | XOM: polymorph iguana -> ooze
  2796 | D:4      | Reached skill level 6 in Long Blades
  2814 | D:4      | XOM: smoke on damage
  2889 | D:4      | XOM: scenery: 1 doors open
  2960 | D:4      | XOM: give mutations
  2960 | D:4      | Gained mutation: You are covered in fur. (AC +1) [Xom's
                  | grace]
  2960 | D:4      | Gained mutation: You are somewhat resistant to further
                  | mutation. [Xom's grace]
  3062 | D:4      | Reached XP level 7. HP: 58/58 MP: 7/7
  3090 | D:4      | Found a runed translucent gate.
  3090 | D:4      | Found a runed translucent gate.
  3090 | D:4      | Found a runed translucent gate.
  3091 | D:4      | Noticed drd's ghost (novice DsBe)
  3121 | D:4      | Killed drd's ghost
  3121 | D:4      | Reached skill level 8 in Long Blades
  3128 | D:4      | XOM: butterfly on damage
  3363 | D:4      | XOM: fog
  3372 | D:4      | Reached XP level 8. HP: 59/65 MP: 8/8
  3385 | D:4      | XOM: smoke on damage
  3687 | D:4      | XOM is BORED!
  3687 | D:4      | XOM: give mutations
  3687 | D:4      | Lost mutation: You are robust. (+10% HP) [Xom's mischief]
  3687 | D:4      | Lost mutation: You are somewhat resistant to further
                  | mutation. [Xom's mischief]
  3687 | D:4      | Lost mutation: Your spells are a little harder to cast, but
                  | a little more powerful. [Xom's mischief]
  3710 | D:4      | XOM: scenery: 1 doors open, 2 doors close
  3938 | D:4      | XOM: scenery: 1 doors open
  3978 | D:5      | Entered Level 5 of the Dungeon
  4032 | D:5      | XOM: divination: magic mapping
  4041 | D:5      | Reached skill level 9 in Long Blades
  4127 | D:5      | Found a glowing silver altar of Zin.
  4197 | D:5      | HP: 2/59 [+0 hand axe[Xom] (10)]
  4198 | D:5      | Mangled by a +0 hand axe

Skill      XL: |  1  2  3  4  5  6  7  8 |
---------------+-------------------------+-----
Shields        | 4 |  4.3
Long Blades    | 3 4 5 6 8 9 |  9.7
Fighting       | |  3.5
Armour         | |  3.5
Dodging        | |  0.1

Action                   |  1- 3 |  4- 6 |  7- 9 || total
-------------------------+-------+-------+-------++-------
Melee: Long sword        |   108 |   215 |    91 ||   414
       Unarmed           |    10 |       |       ||    10
       Peck              |       |    21 |    14 ||    35
 Abil: Dig               |       |       |     2 ||     2
  Use: Scroll            |     2 |     5 |     4 ||    11
  Eat: Chunk             |       |     8 |       ||     8
       Ration            |       |       |     1 ||     1
Armor: Scale mail        |    56 |    62 |       ||   118
       Skin              |    17 |       |       ||    17
       Plate armour      |       |     7 |    32 ||    39
Dodge: Dodged            |    51 |    94 |    18 ||   163
Block: Shield            |    73 |   106 |    49 ||   228
       Rpst.: Long sword |    15 |    34 |     5 ||    54
